 Dungeon Crawl Stone Soup version 0.29-a0-1065-g47a6bb87d6 (webtiles) character file.

Game seed: 11208610834274968563

0 Zeldest the Caller (level 1, -3/14 HPs)
             Began as a Meteoran Summoner on Aug 18, 2022.
             Slain by a hobgoblin (5 damage)
             ... on level 1 of the Dungeon.
             The game lasted 00:00:18 (24 turns).

Zeldest the Caller (Meteoran Summoner)                Turns: 24, Time: 00:00:19

Health: -3/14      AC:  2    Str:  9    XL:     1   Next: 14%
Magic:  4/5        EV: 12    Int: 16    God:
Gold:   0          SH:  0    Dex: 14    Spells: 4/5 levels left

rFire   . . .      SeeInvis .   (no weapon)
rCold   . . .      Faith    .   (no shield)
rNeg    . . .      Spirit   .   a - +0 robe
rPois   .          Reflect  .   (no helmet)
rElec   .          Harm     .   (no cloak)
rCorr   .          Rampage  .   (no gloves)
Will    .....                   (no boots)
Stlth   +.........              (no amulet)
HPRegen 0.04/turn               (no ring)
MPRegen 0.09/turn               (no ring)

@: hasted, glowing, very quick
A: sense surroundings 1, otherworldly, glowing, explore regen
a: no special abilities


You were on level 1 of the Dungeon.
You visited 1 branch of the dungeon, and saw 1 of its levels.

Inventory:

Armour
 a - a +0 robe (worn)
Potions
 b - a potion of magic


   Skills:
 + Level 0.0 Fighting
 - Level 2.4 Dodging
 - Level 1.4 Stealth
 + Level 2.7 Spellcasting
 + Level 4.8 Summonings


You had 4 spell levels left.
You knew the following spells:

 Your Spells              Type           Power      Damage    Failure   Level
a - Summon Small Mammal   Summ           68%        N/A       2%          1

Your spell library contained the following spells:

 Spells                   Type           Power      Damage    Failure   Level
 Call Imp                 Summ           17%        N/A       4%          2
 Call Canine Familiar     Summ           17%        N/A       8%          3
 Summon Guardian Golem    Hex/Summ       9%         N/A       22%         3
 Summon Lightning Spire   Summ/Air       9%         N/A       56%         4


Dungeon Overview and Level Annotations

Branches:
Dungeon (1/15) Zot: 575

Altars:


Innate Abilities, Weirdness & Mutations

You passively map a small area around you.
You are easily found by Zot.
You glow in the dark.
You regain HP and MP as you explore.


Message History

Your quokka closely misses the giant cockroach.
Your bat hits the hobgoblin. The hobgoblin hits you.
You hit the hobgoblin.
The hobgoblin is almost dead.
Your bat closely misses the hobgoblin.
The giant cockroach barely misses your quokka.
A giant cockroach comes into view.
Your bat hits the hobgoblin but does no damage.
Your quokka completely misses the giant cockroach.
The giant cockroach bites your quokka but does no damage.
Your bat closely misses the hobgoblin.
The hobgoblin hits you but does no damage.
The giant cockroach moves out of view.
You closely miss the hobgoblin.
The hobgoblin is almost dead.
Your bat closely misses the hobgoblin.
Your quokka completely misses the giant cockroach.
The giant cockroach barely misses your quokka.
The hobgoblin hits you.
* * * LOW HITPOINT WARNING * * *
You barely miss the hobgoblin.
The hobgoblin is almost dead.
Your quokka bites the giant cockroach but does no damage.
The giant cockroach bites your quokka.
Your bat barely misses the hobgoblin.
The hobgoblin hits you.
* * * LOW HITPOINT WARNING * * *
A kobold comes into view. It is wielding a +0 club.
The hobgoblin hits you but does no damage.
Your bat hits the hobgoblin but does no damage.
Your quokka closely misses the giant cockroach.
The giant cockroach closely misses your quokka.
The hobgoblin closely misses your bat.
It was a potion of haste.
You feel yourself speed up.
Your bat hits the hobgoblin.
The hobgoblin dies!
Your quokka misses the giant cockroach.
The giant cockroach barely misses your quokka.
Your quokka barely misses the giant cockroach.
The hobgoblin hits you.
You die...

, .# * * #######.#
, * ###.....K..
,,.....[...# ,
*#......... *, ,
.. * ####..$.b....
*
:..###?...†.......
, ...#.,,
#.g.......
.$..####@...##..#
, ,
,..........#..#..
, ..#.....B......
, ,
,#....r.##..... ,
, ##............ ,
* , ,
#............ ,
##........... *
+#####'#########*
#.....## , *


You could see a giant cockroach (distracted, ally target), a hobgoblin (ally
target), a kobold, a friendly quokka (summoned) and a friendly bat (summoned).

Vanquished Creatures (collateral kills)
  A hobgoblin (D:1)
  A rat (D:1)
2 creatures vanquished.

Notes
Turn   | Place    | Note
-------+----------+-------------------------------------------
     0 | D:1      | Zeldest the Meteoran Summoner began the quest for the Orb.
     0 | D:1      | Reached XP level 1. HP: 14/14 MP: 5/5
    24 | D:1      | Slain by a hobgoblin

Illustrated notes

Levels and vault maps discovered:
D:1:      onia_arrival_pentagram, layout_rooms, basic_ecumenical_altar,
          serial_park_tiny_2

Action                   || total
-------------------------++-------
Melee: Unarmed           ||     7
       Punch             ||     1
 Cast: Summon Small Mamm ||     3
  Use: Potion            ||     1
Armor: Robe              ||     4
Dodge: Dodged            ||     2

Table legend: (Time is in decaauts)
 A = Elapsed time spent in this place.
 B = Non-inter-level travel time spent in this place.
 C = Inter-level travel time spent in this place.
 D = Time resting spent in this place.
 E = Time spent auto-exploring this place.
 F = Levels seen in this place.
 G = Mean time per level.
                   A        B        C        D        E       F      G
               +--------+--------+--------+--------+--------+-----+--------+
         Total |     24 |     24 |      0 |      0 |      0 |   1 |   24.0 |
       Dungeon |     24 |     24 |      0 |      0 |      0 |   1 |   24.0 |
               +--------+--------+--------+--------+--------+-----+--------+

Top non-repeatable levels by time:
     D:1: 24 daAuts
